 Dungeon Crawl Stone Soup version 0.28-a0-987-g8383568036 (webtiles) character file.

Game seed: 12295833454813146321

958 Froggeryz the Cudgeller (level 8, -10/46 HPs)
             Began as a Gargoyle Cinder Acolyte on Dec 4, 2021.
             Was a High Priest of Ignis.
             Killed from afar by an acid dragon (23 damage)
             ... with a splash of acid
             ... on level 5 of the Dungeon.
             The game lasted 00:06:45 (6698 turns).

Froggeryz the Cudgeller (Gargoyle Cinder Acolyte)   Turns: 6698, Time: 00:06:46

Health: -10/46     AC:  8    Str: 20    XL:     8   Next: 14%
Magic:  9/9        EV:  9    Int: 15    God:    Ignis [*****.]
Gold:   146        SH:  4    Dex:  5    Spells: 9/9 levels left

rFire   + . .      SeeInvis +   a - +0 mace (flame)
rCold   . . .      Faith    .   h - +0 buckler
rNeg    + . .      Spirit   .   b - +0 scale mail
rPois   ∞          Reflect  .   k - +0 helmet
rElec   +          Harm     .   (no cloak)
rCorr   .          Rampage  .   (no gloves)
Will    .....                   (no boots)
Stlth   ..........              (no amulet)
HPRegen 0.15/turn               r - ring of see invisible
MPRegen 0.11/turn               (no ring)

@: corroded
A: sickness immunity, AC +5, negative energy resistance 1, electricity
resistance, torment resistance 1, petrification resistance
a: Renounce Religion, Fiery Armour, Foxfire Swarm, Rising Flame


You were on level 5 of the Dungeon.
You worshipped Ignis.
Ignis was extremely pleased with you.
You visited 1 branch of the dungeon, and saw 5 of its levels.

You collected 146 gold pieces.

Inventory:

Hand Weapons
 a - a +0 mace of flaming (weapon)
Missiles
 j - 5 javelins
 l - 31 poisoned darts
 p - 2 curare-tipped darts (quivered)
Armour
 b - a +0 scale mail (worn)
 h - a +0 buckler (worn)
 k - a +0 helmet (worn)
Jewellery
 r - a ring of see invisible (left hand)
Scrolls
 c - a scroll of blinking
 m - 4 scrolls of teleportation
Potions
 d - a potion of cancellation {unknown}
 e - a potion of magic {unknown}
 f - a potion of lignification {unknown}
 n - a potion of haste {unknown}
 q - a potion of mutation {unknown}


   Skills:
 - Level 3.2 Fighting
 * Level 7.7 Maces & Flails
 * Level 3.1 Throwing
 - Level 1.1 Armour
 - Level 4.1 Shields
 - Level 1.0 Spellcasting
 - Level 3.0 Fire Magic


You had 9 spell levels left.
You didn't know any spells.
Your spell library contained the following spells:

 Spells                   Type           Power      Damage    Failure   Level
 Scorch                   Fire           18%        2d6       32%         2
 Passwall                 Tmut/Erth      0%         N/A       73%         2
 Swiftness                Air            0%         N/A       91%         3


Dungeon Overview and Level Annotations

Branches:
Dungeon (5/15)
 Temple: D:4-7

Altars:

Annotations:
D:2 1 runed translucent door, Crazy Yiuf


Innate Abilities, Weirdness & Mutations

You are immune to sickness and miasma.
Your stone body is resilient. (AC +5)
You are immune to poison.
You resist negative energy. (rN+)
You are resistant to electric shocks. (rElec)
You are resistant to unholy torment.
You are immune to petrification.


Message History

The acid dragon is moderately wounded.
The acid dragon spits acid at you. The splash of acid misses you.
You closely miss the acid dragon.
The acid dragon is moderately wounded.
You block the acid dragon's attack. The acid dragon claws you.
You closely miss the acid dragon.
The acid dragon is moderately wounded.
The acid dragon bites you but does no damage.
The acid dragon barely misses you.
You barely miss the acid dragon.
The acid dragon is moderately wounded.
The acid dragon spits acid at you. The splash of acid misses you.
You sock the acid dragon! You burn the acid dragon.
The acid dragon is severely wounded.
The acid dragon bites you. The acid dragon barely misses you.
You closely miss the acid dragon.
The acid dragon is severely wounded.
The acid dragon bites you but does no damage.
The acid dragon barely misses you.
You hit the acid dragon. You burn the acid dragon.
The acid dragon is almost dead.
The acid dragon bites you but does no damage.
You block the acid dragon's attack.
You barely miss the acid dragon.
The acid dragon is almost dead.
The acid dragon bites you!
The acid dragon claws you but does no damage.
You hit the acid dragon but do no damage.
The acid dragon is almost dead.
The acid dragon bites you.
* * * LOW HITPOINT WARNING * * *
The acid dragon barely misses you.
You hit the acid dragon but do no damage.
The acid dragon is almost dead.
The acid dragon spits acid at you. The splash of acid hits you!!
Ouch! That really hurt!
You die...

.....###'##.......#########+
.....#....#.......#
.....#....#.......#
.....#....#.......#
.....##..##.......###
..######'####+##....#
..#........>...#....#
..'.?..........#....#
..##+###########@...#
#.............(D..###
#.................#
#........(........#
#.................#
#.................#
#.............##+##
#............. .....####


You could see an acid dragon (catching breath).

Vanquished Creatures
  Sigmund (D:2)
  An ogre (D:3)
  A centaur (D:5)
  A phantom (D:5)
  A gnoll sergeant (D:4)
  A scorpion (D:4)
  2 orc priests
  A jelly (D:5)
  A bullfrog skeleton (D:5)
  A centaur skeleton (D:4)
  4 orc wizards
  3 gnolls
  9 adders
  An ufetubus (D:4)
  2 adder skeletons (D:4)
  A worm (D:3)
  A dart slug (D:1)
  12 orcs
  4 ball pythons
  5 bats
  4 endoplasms
  3 giant cockroaches
  6 goblins
  4 hobgoblins
  3 jackals (D:2)
  5 quokkas
  2 frilled lizards (D:1)
  5 kobolds
  4 rats
89 creatures vanquished.

Vanquished Creatures (others)
  12 foxfires (D:2)
12 creatures vanquished.

Grand Total: 101 creatures vanquished

Notes
Turn   | Place    | Note
-------+----------+-------------------------------------------
     0 | D:1      | Froggeryz the Gargoyle Cinder Acolyte began the quest for
                  | the Orb.
     0 | D:1      | Reached XP level 1. HP: 14/14 MP: 2/2
   211 | D:1      | Found a faded altar of an unknown god.
   211 | D:1      | Noticed a smoke demon
   393 | D:1      | Reached XP level 2. HP: 16/19 MP: 3/3
   478 | D:1      | Reached skill level 1 in Armour
  1315 | D:2      | Found a runed translucent door.
  1316 | D:2      | Noticed Crazy Yiuf
  1350 | D:2      | Noticed Sigmund
  1438 | D:2      | Reached XP level 3. HP: 15/23 MP: 4/4
  1574 | D:2      | Reached skill level 4 in Maces & Flails
  1574 | D:2      | Reached skill level 1 in Shields
  2354 | D:2      | Reached XP level 4. HP: 20/28 MP: 5/5
  2892 | D:2      | Killed Sigmund
  2893 | D:2      | Reached skill level 5 in Maces & Flails
  2893 | D:2      | Reached XP level 5. HP: 21/32 MP: 6/6
  2893 | D:2      | Reached XP level 6. HP: 25/37 MP: 7/7
  3999 | D:3      | Reached skill level 6 in Maces & Flails
  4609 | D:3      | Reached XP level 7. HP: 37/41 MP: 8/8
  5356 | D:3      | Reached skill level 1 in Throwing
  5406 | D:4      | Reached skill level 7 in Maces & Flails
  6003 | D:5      | Entered Level 5 of the Dungeon
  6478 | D:5      | Reached XP level 8. HP: 35/46 MP: 9/9
  6698 | D:5      | Killed from afar by an acid dragon

Illustrated notes

Levels and vault maps discovered:
D:1:      minmay_arrival_jagged, layout_basic,
          dreamdust_ecumenical_altar_sealed_demon
D:2:      layout_loops_ring, palyth_stone_intersect, amcnicky_mini_pool_small,
          uniq_crazy_yiuf_cottage, uniq_sigmund
D:3:      layout_rooms, hangedman_decor_diamond_cutter, interstate_on_off
D:4:      layout_rooms, minivault_26
D:5:      layout_gridville, overflow_temple_1_default, chequers_mini_garden,
          kennysheep_minor_cross, kennysheep_flooded_box

Skill      XL: |  1  2  3  4  5  6  7  8 |
---------------+-------------------------+-----
Armour         | 1 |  1.1
Maces & Flails | 4 5 6 7 |  7.7
Shields        | 1 3 4 |  4.1
Throwing       | 2 3 |  3.1
Fighting       | |  3.2
Spellcasting   | |  1.0
Fire Magic     | |  3.0

Action                   |  1- 3 |  4- 6 |  7- 9 || total
-------------------------+-------+-------+-------++-------
Melee: Mace              |   138 |   142 |   160 ||   440
Throw: Dart              |       |    32 |     8 ||    40
Invok: Foxfire Swarm     |       |     1 |       ||     1
  Use: Potion            |       |     2 |       ||     2
       Scroll            |       |       |     6 ||     6
Armor: Robe              |    52 |    44 |       ||    96
       Ring mail         |       |    18 |       ||    18
       Scale mail        |       |     7 |   105 ||   112
Dodge: Dodged            |   102 |    86 |    78 ||   266
Block: Buckler           |       |       |    32 ||    32

Table legend: (Time is in decaauts)
 A = Elapsed time spent in this place.
 B = Non-inter-level travel time spent in this place.
 C = Inter-level travel time spent in this place.
 D = Time resting spent in this place.
 E = Time spent auto-exploring this place.
 F = Levels seen in this place.
 G = Mean time per level.
                   A        B        C        D        E       F      G
               +--------+--------+--------+--------+--------+-----+--------+
         Total |   6770 |   6612 |    158 |   2123 |   3371 |   5 | 1354.0 |
       Dungeon |   6770 |   6612 |    158 |   2123 |   3371 |   5 | 1354.0 |
               +--------+--------+--------+--------+--------+-----+--------+

Top non-repeatable levels by time:
     D:2: 2230 daAuts
     D:3: 1578 daAuts
     D:1: 1329 daAuts
     D:4: 1030 daAuts
     D:5: 600 daAuts
